 Dungeon Crawl Stone Soup version 0.21.0-3-g78d12a8bdd (webtiles) character file.

123108 fino the Impaler (level 16, -4/129 HPs)
             Began as a Merfolk Transmuter on Jan 10, 2018.
             Was the Champion of Ru.
             Slain by a six-headed hydra simulacrum (29 damage)
             ... on level 4 of the Swamp on Jan 11, 2018.
             The game lasted 03:17:47 (28763 turns).

fino the Impaler (Merfolk Transmuter)              Turns: 28763, Time: 03:17:48

Health: -4/129     AC:  7    Str: 11    XL:     16   Next: 89%
Magic:  22/27      EV: 27    Int: 12    God:    Ru [******]
Gold:   2209       SH:  0    Dex: 24    Spells: 26/36 levels left

rFire    . . .     SeeInvis .     - Unarmed
rCold    . . .     Gourm    .   (shield currently unavailable)
rNeg     . . .     Faith    .   Q - +2 robe {rC+ rF+}
rPois    +         Spirit   .   M - +2 hat
rElec    .         Reflect  .   w - scarf {repulsion}
rCorr    .         Harm     .   (gloves currently unavailable)
MR       +....                  N - +0 pair of boots
Stlth    +++++.....             f - amulet of regeneration
HPRegen  0.71/turn              E - +3 ring of dexterity
MPRegen  0.20/turn              W - ring of poison resistance

@: blade hands (expiring), repel missiles
A: change form in water, swift swim, stealthy swim, agile 1, low mp 1, weak 1,
inability to use devices, no ice magic, no necromancy magic, no summoning magic,
temperature sensitive
a: End Transformation, Draw Out Power, Power Leap, Apocalypse, Renounce Religion


You were on level 4 of the Swamp.
You worshipped Ru.
Ru was exalted by your worship.
You were not hungry.
You had blades for hands.
You visited 5 branches of the dungeon, and saw 26 of its levels.
You visited the Abyss 2 times.
You also visited: Ossuary, Bailey and Volcano.

You collected 2561 gold pieces.
You spent 352 gold pieces at shops.

Inventory:

Hand Weapons
 a - a +2 halberd of freezing
 z - a +0 quick blade of flaming
 F - a +0 spear of flaming
Missiles
 I - 464 arrows
Armour
 s - a +2 pair of gloves of strength (melded)
 w - a scarf of repulsion (worn)
 G - a +3 troll leather armour {Snorg}
 J - a scarf of spirit shield
 M - a +2 hat (worn)
 N - a +0 pair of boots (worn)
 Q - a +2 robe of resistance (worn)
Magical Staves
 b - an uncursed staff of energy (melded)
Jewellery
 f - an amulet of regeneration (around neck)
 E - a +3 ring of dexterity (left scythe-like blade)
 K - an uncursed ring of resist corrosion
 L - a +3 ring of protection
 R - a +3 ring of evasion
 W - a ring of poison resistance (right scythe-like blade)
 Y - an uncursed ring of protection from fire
Scrolls
 h - 21 scrolls of identify
 k - 4 scrolls of teleportation
 l - 3 scrolls of amnesia
 p - 2 scrolls of magic mapping
 q - 8 scrolls of enchant weapon
 u - 16 scrolls of remove curse
 v - a scroll of enchant armour
 A - 3 scrolls of fog
 P - a scroll of fear
Potions
 c - a potion of flight
 e - 12 potions of curing
 g - 2 potions of magic
 i - 4 potions of cancellation
 m - a potion of agility
 n - 4 potions of heal wounds
 o - 2 potions of invisibility
 x - 4 potions of ambrosia
 B - 7 potions of might
 C - a potion of berserk rage
 D - 8 potions of brilliance
 T - a potion of experience
 U - 3 potions of resistance
Comestibles
 d - 28 rations


   Skills:
 + Level 12.6 Fighting
 + Level 3.8 Short Blades
 + Level 15.4 Polearms
 + Level 14.5 Dodging
 + Level 11.5 Stealth
 + Level 12.8 Unarmed Combat
 + Level 10.9 Spellcasting
 + Level 3.9 Translocations
 + Level 14.6 Transmutations


You had 26 spell levels left.
You knew the following spells:

 Your Spells              Type           Power        Failure   Level  Hunger
a - Beastly Appendage     Tmut           #####.       4%          1    None
b - Sticks to Snakes      Tmut           #####...     5%          2    None
c - Blade Hands           Tmut           #####.....   13%         5    #####..
d - Blink                 Tloc           N/A          26%         2    None


Dungeon Overview and Level Annotations

Branches:
Dungeon (13/15)            Temple (1/1) D:7            Lair (6/6) D:11
  Swamp (4/4) Lair:3       Spider (0/4) Lair:4        Slime (0/5) Lair:6
    Orc (2/2) D:11            Elf (0/3) Orc:2
 Vaults: D:13-14

Altars:
Ashenzari
Cheibriados
Dithmenos
Elyvilon
Fedhas
Gozag
Hepliaklqana
Kikubaaqudgha
Makhleb
Nemelex Xobeh
Okawaru
Qazlal
Ru
Sif Muna
Trog
Uskayaw
Vehumet
Wu Jian
Xom
Yredelemnul
Zin
The Shining One
Lugonu

Shops:
Orc:2 (*:[?=([[

Annotations:
D:7 exclusion: oklob plant
Lair:5 2 transporters


Innate Abilities, Weirdness & Mutations

You revert to your normal form in water.
You are very nimble and swift while swimming.
You are very stealthy in the water. (Stealth+)
Your magical capacity is low. (-10% MP)
You are weak. (Str -2)
You cannot study or use magical devices.
You cannot study or cast Ice magic.
You cannot study or cast Necromancy magic.
You cannot study or cast Summoning magic.
You are sensitive to extremes of temperature. (rF-, rC-)
You are agile. (Dex +2)


Message History

Your uncursed staff of energy melds into your body.
Your +2 pair of gloves of strength melds into your body.
You feel weaker.
You chop one of the seven-headed hydra simulacrum's heads off!
You slice the six-headed hydra simulacrum!!
The six-headed hydra simulacrum is severely damaged.
The six-headed hydra simulacrum bites you.
The six-headed hydra simulacrum freezes you!!
You focus your will and paralyse the six-headed hydra simulacrum in retribution!
The six-headed hydra simulacrum bites you.
The six-headed hydra simulacrum freezes you!
The six-headed hydra simulacrum bites you!
The six-headed hydra simulacrum freezes you!!!
* * * LOW HITPOINT WARNING * * *
The six-headed hydra simulacrum misses you.
The six-headed hydra simulacrum barely misses you.
The six-headed hydra simulacrum bites you.
* * * LOW HITPOINT WARNING * * *
The six-headed hydra simulacrum freezes you!!
You die...

≈≈..≈.≈≈≈≈§.♣ ♣♣≈≈♣
♣≈......≈≈≈.♣♣♣♣≈≈♣♣ ##
♣♣.≈...≈..≈≈.....≈≈# #§#
..≈≈....≈≈...(.≈≈.≈#♣#§§♣
≈≈≈....≈..≈≈≈≈≈≈≈...§.§#♣
≈≈.≈♣♣♣≈≈.≈≈≈≈≈≈.≈≈♣#§#.♣
.....♣♣♣≈≈≈≈≈♣≈≈.≈.#.#..#
♣♣.≈.♣ ♣♣♣...♣♣≈Z.≈###Z.#
♣...♣♣ ♣≈≈≈♣♣♣@.♣♣ #..#
≈.≈≈≈♣♣♣♣♣≈≈.♣♣./≈≈♣ #..#
≈.≈≈[≈♣♣≈≈≈≈.♣..≈≈♣♣ .Z##
≈..♣...≈≈≈≈.♣.♣≈≈≈♣♣ #.♣
≈..≈♣♣.≈.[.♣.♣♣♣≈≈≈♣ #..
♣.≈≈≈....♣♣.♣♣ ♣♣≈≈♣ .Z#
♣♣≈≈..."♣♣♣.♣♣♣♣♣♣♣♣ #..
♣♣..♣♣♣♣.♣...≈≈♣♣
♣♣≈≈≈.[≈..≈≈..≈≈♣♣


You could see a six-headed hydra simulacrum (paralysed).

Vanquished Creatures
  An azure jelly (Swamp:4)
  2 orc warlords
  A cacodemon (Abyss:2)
  A balrug (Abyss:2)
  A ghoul (Swamp:1)
  A lorocyproca (Abyss:2)
  Snorg (D:11)
  A fire dragon (Volcano)
  Harold (D:11)
  4 hydras
  Erolcha (D:12)
  An ice dragon (Swamp:4)
  A ghost crab (Swamp:2)
  An ogre mage (D:13)
  7 two-headed ogres
  8 death yaks
  2 tengu warriors
  4 thrashing horrors (Abyss:2)
  4 alligators
  3 orc high priests (Orc:2)
  3 wretched stars (Abyss:2)
  A sun demon (Abyss:2)
  A sixfirhy (Abyss:2)
  2 unseen horrors
  2 spriggan druids
  A shambling mangrove (Swamp:3)
  A glowing orange brain (Abyss:2)
  5 wizards (D:13)
  6 swamp dragons
  A lindwurm (Lair:5)
  10 orc sorcerers
  3 salamanders (Volcano)
  A deep elf mage (D:13)
  4 cyclopes
  2 orc knights (Orc:2)
  An oklob plant (Lair:4)
  5 ugly things (Swamp:1)
  A worldbinder (Abyss:2)
  6 elephants (Lair:6)
  4 black mambas
  An apocalypse crab (Abyss:2)
  The ghost of emikaela the Ducker, a novice MfAE of Yredelemnul (D:6)
  A smoke demon (Abyss:2)
  15 spiny frogs
  3 centaur zombies
  A gargoyle (D:13)
  A rime drake (Lair:3)
  5 freezing wraiths
  3 kobold demonologists (D:11)
  8 komodo dragons
  A tengu conjurer (D:13)
  An ancient zyme (Abyss:2)
  5 tyrant leeches
  6 trolls
  3 polar bears
  4 bog bodies
  8 hornets
  4 slime creatures (D:13)
  12 hippogriffs
  3 raiju (Abyss:2)
  4 large abominations (Abyss:2)
  10 dream sheep
  17 blink frogs
  17 spriggans
  Sigmund (D:5)
  2 ynoxinuls (Abyss:2)
  8 shadows
  34 yaks
  9 wyverns
  12 fire bats
  A chaos spawn (Abyss:2)
  A hungry ghost (Abyss:2)
  13 vampire mosquitoes
  6 basilisks
  3 steam dragons
  5 swamp worm simulacra (Swamp:4)
  2 neqoxecs (Abyss:2)
  Menkaure (D:7)
  A warg (Orc:1)
  12 swamp worms
  Edmund (D:5)
  15 water moccasins
  7 porcupines
  4 hydra simulacra (Swamp:4)
  6 sky beasts
  3 swamp drakes
  34 orc warriors
  3 black bears (Lair:6)
  7 ice beasts
  4 necrophages (Lair:2)
  2 phantoms
  8 small abominations (Abyss:2)
  17 wolves
  3 boggarts (Lair:6)
  21 ogres
  2 centaurs (D:7)
  17 crocodiles
  2 big kobolds
  5 gnoll sergeants
  22 bullfrogs
  A water moccasin skeleton (D:12)
  2 scorpions
  18 wights
  4 howler monkeys
  11 crimson imps
  12 hounds
  5 quasits
  7 iron imps (Abyss:2)
  14 jellies
  18 orc wizards
  4 orc priests
  A bullfrog skeleton (D:8)
  5 centaur skeletons
  A gnoll shaman (D:9)
  4 iguanas
  13 worker ants
  2 big kobold zombies (Ossuary)
  2 mummies (Ossuary)
  A worker ant zombie (D:8)
  15 gnolls
  18 adders
  6 shadow imps
  5 white imps (Abyss:2)
  An ooze (D:3)
  3 swamp drake simulacra (Swamp:4)
  8 adder zombies (Ossuary)
  2 worms
  A dart slug (D:1)
  6 leopard geckos
  73 orcs
  A spectral bat (Abyss:2)
  8 bats
  8 giant cockroaches
  10 goblins
  9 hobgoblins
  19 jackals
  23 kobolds
  5 quokkas
  A ball python (D:6)
  3 frilled lizards
  4 gnoll zombies (Ossuary)
  5 hobgoblin zombies (Ossuary)
  6 kobold zombies (Ossuary)
  A leopard gecko skeleton (D:6)
  4 orc zombies (Ossuary)
  A quokka skeleton (D:9)
  3 rats
  A lurking horror (Abyss:2)
909 creatures vanquished.

Vanquished Creatures (others)
  A hydra (Swamp:2)
  2 alligators (Swamp:3)
  A komodo dragon (Lair:1)
  A tyrant leech (Swamp:3)
  A blink frog (Lair:4)
  2 bog bodies
  A ynoxinul (Abyss:2)
  A warg (Orc:2)
  A swamp drake (Swamp:4)
  A boggart (Lair:6)
  A big kobold (D:11)
  A bullfrog (D:9)
  An orc wizard (D:7)
  4 orcs
  A demonic plant (D:11)
  39 fungi
  A lurking horror (Abyss:2)
  33 plants
  2 starspawn tentacles (Abyss:2)
  5 withered plants (Swamp:1)
100 creatures vanquished.

Grand Total: 1009 creatures vanquished

Notes
Turn   | Place    | Note
-------+----------+-------------------------------------------
     0 | D:1      | fino the Merfolk Transmuter began the quest for the Orb.
     0 | D:1      | Reached XP level 1. HP: 15/15 MP: 3/3
   102 | D:1      | Reached XP level 2. HP: 16/21 MP: 5/5
   574 | D:1      | Reached XP level 3. HP: 27/27 MP: 6/6
   835 | D:1      | Learned a level 2 spell: Sticks to Snakes
   875 | D:2      | Found a shattered altar of Ashenzari.
  1186 | D:2      | Reached skill level 1 in Polearms
  1745 | D:3      | Reached XP level 4. HP: 33/33 MP: 7/7
  1901 | D:3      | Found a sacrificial altar of Ru.
  1906 | D:3      | Became a worshipper of Ru the Awakened
  1954 | D:3      | Found a shadowy altar of Dithmenos.
  2562 | D:4      | Reached skill level 2 in Polearms
  2562 | D:4      | Reached XP level 5. HP: 28/39 MP: 7/9
  2659 | D:4      | Learned a level 5 spell: Blade Hands
  2784 | D:4      | Reached XP level 6. HP: 46/46 MP: 10/10
  3418 | D:5      | Entered Level 5 of the Dungeon
  3419 | D:5      | Noticed an ice beast
  3475 | D:5      | Gained mutation: Your magical capacity is low. (-10% MP) [Ru sacrifice]
  3509 | D:5      | Noticed Edmund
  3555 | D:5      | Found a sand-covered staircase.
  3559 | Ossuary  | Entered an ossuary
  3787 | Ossuary  | Reached skill level 3 in Polearms
  4100 | D:5      | Noticed Sigmund
  4131 | D:5      | Killed Sigmund
  4131 | D:5      | Reached skill level 5 in Dodging
  4131 | D:5      | Reached XP level 7. HP: 30/52 MP: 1/10
  4135 | D:5      | Found a deep blue altar of Sif Muna.
  4188 | D:5      | Killed Edmund
  4188 | D:5      | Reached skill level 4 in Polearms
  4320 | D:5      | Reached skill level 5 in Unarmed Combat
  4320 | D:5      | Reached skill level 5 in Transmutations
  4368 | D:5      | Reached XP level 8. HP: 56/60 MP: 12/12
  4768 | D:5      | Found an ornate altar of the Wu Jian Council.
  4807 | D:5      | Found a shattered altar of Ashenzari.
  4888 | D:5      | Identified Sif Muna's Disquisition on Enhancements
  5437 | D:5      | Reached skill level 5 in Polearms
  5784 | D:6      | Noticed emikaela's ghost (novice MfAE)
  5900 | D:6      | Killed emikaela's ghost
  6121 | D:6      | Reached skill level 5 in Fighting
  6121 | D:6      | Reached skill level 6 in Polearms
  6121 | D:6      | Reached XP level 9. HP: 68/68 MP: 8/14
  6321 | D:7      | Found a staircase to the Ecumenical Temple.
  6424 | D:7      | Gained mutation: You cannot study or cast Ice magic. [Ru sacrifice]
  6424 | D:7      | Gained mutation: You cannot study or cast Necromancy magic. [Ru sacrifice]
  6424 | D:7      | Gained mutation: You cannot study or cast Summoning magic. [Ru sacrifice]
  6424 | D:7      | Reached * piety under Ru
  6631 | D:7      | Found a flagged portal.
  6659 | Bailey   | Entered a bailey
  6872 | Bailey   | Reached skill level 5 in Spellcasting
  7023 | Bailey   | Found an iron altar of Okawaru.
  7320 | D:7      | Noticed Menkaure
  7327 | D:7      | Killed Menkaure
  7327 | D:7      | Reached skill level 7 in Polearms
  7552 | D:7      | Found a white marble altar of Elyvilon.
  7552 | D:7      | Found a glowing golden altar of the Shining One.
  7552 | D:7      | Found a glowing silver altar of Zin.
  7586 | D:7      | Found a shimmering altar of Xom.
  7586 | D:7      | Found a shadowy altar of Dithmenos.
  7644 | D:7      | Found a blossoming altar of Fedhas.
  7655 | D:7      | Noticed an oklob plant
  7944 | Temple   | Entered the Ecumenical Temple
  8162 | D:8      | Noticed a two-headed ogre
  8206 | D:8      | Noticed a two-headed ogre
  8210 | D:8      | Killed a two-headed ogre
  8210 | D:8      | Reached XP level 10. HP: 65/76 MP: 10/16
  8353 | D:8      | Noticed a two-headed ogre
  8486 | D:8      | Reached skill level 8 in Polearms
  8601 | D:8      | Killed a two-headed ogre
  8693 | D:8      | Gained mutation: You cannot study or use magical devices. [Ru sacrifice]
  8693 | D:8      | Reached ** piety under Ru
  8693 | D:8      | Reached *** piety under Ru
  8693 | D:8      | Reached **** piety under Ru
  8759 | D:8      | Killed a two-headed ogre
  8913 | D:8      | Found a hide-covered altar of Uskayaw.
  9016 | D:8      | Noticed a two-headed ogre
  9157 | D:8      | Killed a two-headed ogre
  9274 | D:9      | Reached skill level 9 in Polearms
  9396 | D:9      | Reached XP level 11. HP: 80/84 MP: 12/18
  9541 | D:9      | Reached skill level 1 in Stealth
  9912 | D:10     | Entered Level 10 of the Dungeon
 10423 | D:10     | Noticed a two-headed ogre
 10460 | D:10     | Killed a two-headed ogre
 10740 | D:10     | Reached skill level 10 in Polearms
 10902 | D:10     | Noticed a tengu warrior
 10910 | D:10     | Killed a tengu warrior
 10976 | D:10     | Reached skill level 10 in Dodging
 11313 | D:11     | Noticed a cyclops
 11316 | D:11     | Got a faintly glowing scale mail
 11342 | D:11     | Killed a cyclops
 11348 | D:11     | Reached skill level 10 in Transmutations
 11368 | D:11     | Identified the +4 scale mail of Birdsong {Str+4} (You found it on level 11 of the Dungeon)
 11621 | D:11     | Found a staircase to the Lair.
 11795 | D:11     | Found a staircase to the Orcish Mines.
 11851 | D:11     | Reached XP level 12. HP: 66/94 MP: 20/20
 11991 | D:11     | Noticed Harold
 12001 | D:11     | Killed Harold
 12053 | D:11     | Noticed Snorg
 12066 | D:11     | Killed Snorg
 12187 | D:11     | Noticed a seven-headed hydra
 12426 | D:11     | Found a corrupted altar of Lugonu.
 12450 | D:11     | Reached skill level 5 in Stealth
 12760 | Lair:1   | Entered Level 1 of the Lair of Beasts
 12813 | Lair:1   | Reached skill level 11 in Polearms
 14371 | Lair:3   | Reached XP level 13. HP: 91/101 MP: 16/22
 14376 | Lair:3   | Reached skill level 10 in Unarmed Combat
 14716 | Lair:3   | Reached skill level 12 in Polearms
 14823 | Lair:3   | Found a staircase to the Swamp.
 15073 | Lair:4   | Found a hole to the Spider Nest.
 15413 | Lair:4   | Reached skill level 10 in Fighting
 16348 | Lair:5   | Found a transporter.
 16603 | Lair:5   | Found a transporter.
 17110 | Lair:6   | Entered Level 6 of the Lair of Beasts
 17180 | Lair:5   | Reached XP level 14. HP: 34/111 MP: 14/24
 17285 | Lair:5   | Reached skill level 13 in Polearms
 17400 | Lair:6   | Found a staircase to the Slime Pits.
 17598 | Lair:6   | Found a dark tunnel.
 17603 | Volcano  | Entered a volcano
 19469 | Orc:1    | Entered Level 1 of the Orcish Mines
 19527 | Orc:2    | Entered Level 2 of the Orcish Mines
 19527 | Orc:2    | Found Poal's Magic Scroll Boutique.
 19527 | Orc:2    | Found Gijih's Jewellery Boutique.
 19751 | Orc:2    | Found Hasaguur's Antique Armour Shop.
 19784 | Orc:2    | Found a staircase to the Elven Halls.
 19821 | Orc:2    | Found Mucvin's Armour Shop.
 19860 | Orc:2    | Bought a scroll of blinking for 105 gold pieces
 19923 | Orc:2    | Reached XP level 15. HP: 119/119 MP: 20/25
 19960 | Orc:2    | Bought a pair of embroidered gloves for 247 gold pieces
 19977 | Orc:2    | Found Ziuleb's Antique Armour Shoppe.
 20033 | Orc:2    | Found Rekikhlu's Antique Weapon Emporium.
 20076 | Orc:2    | Noticed an orc warlord
 20076 | Orc:2    | Noticed an orc warlord
 20123 | Orc:1    | Killed an orc warlord
 20369 | Orc:2    | Killed an orc warlord
 20369 | Orc:2    | Reached skill level 14 in Polearms
 20439 | Orc:2    | Found Eraleiq's Book Boutique.
 20478 | Orc:2    | Found Xymn's Antique Weapon Shoppe.
 20696 | Orc:2    | Found Niajuz's General Store.
 20806 | Orc:2    | Reached skill level 10 in Spellcasting
 21327 | D:12     | Reached skill level 10 in Stealth
 21346 | D:12     | Noticed Erolcha
 21391 | D:12     | Killed Erolcha
 21568 | D:12     | Learned a level 2 spell: Blink
 22417 | D:13     | Reached skill level 1 in Translocations
 22510 | D:13     | Cast into level 2 of the Abyss (a wizard)
 22575 | Abyss:2  | Noticed a tentacled starspawn
 22713 | Abyss:2  | Noticed a daeva
 22914 | Abyss:2  | Found a corrupted altar of Lugonu.
 22973 | Abyss:2  | Found a snail-covered altar of Cheibriados.
 23315 | Abyss:2  | Found a corrupted altar of Lugonu.
 23325 | Abyss:2  | Noticed a tentacled starspawn
 23368 | D:13     | Escaped the Abyss
 23399 | D:13     | Cast into level 2 of the Abyss (a wizard)
 23465 | Abyss:2  | Got a pair of slimy boots
 23476 | Abyss:2  | Identified the cursed -2 pair of boots of Ciprak {SInv} (You found it on level 2 of the Abyss)
 23596 | Abyss:2  | Got a slimy battleaxe
 23619 | Abyss:2  | Noticed a cacodemon
 23619 | Abyss:2  | Gained mutation: You are agile. (Dex +2) [a cacodemon]
 23627 | Abyss:2  | Killed a cacodemon
 23710 | Abyss:2  | Noticed a tentacled starspawn
 23839 | Abyss:2  | Gained mutation: You are weak. (Str -2) [Ru sacrifice]
 23885 | Abyss:2  | Noticed a balrug
 23891 | Abyss:2  | Killed a balrug
 23891 | Abyss:2  | Reached XP level 16. HP: 46/127 MP: 22/27
 23921 | Abyss:2  | Noticed a tentacled starspawn
 24185 | Abyss:2  | Noticed a tentacled starspawn
 24185 | D:13     | Escaped the Abyss
 24556 | Swamp:1  | Entered Level 1 of the Swamp
 25007 | Swamp:1  | Reached skill level 1 in Short Blades
 25018 | Swamp:1  | Reached skill level 15 in Polearms
 25913 | Swamp:2  | Gained mutation: You are sensitive to extremes of temperature. (rF-, rC-) [Ru sacrifice]
 25913 | Swamp:2  | Reached ***** piety under Ru
 25913 | Swamp:2  | Reached ****** piety under Ru
 26263 | Swamp:2  | You fall through a shaft!
 26263 | Swamp:3  | Found an ornate altar of the Wu Jian Council.
 27483 | Swamp:4  | Entered Level 4 of the Swamp
 27857 | Swamp:4  | Noticed a thorn hunter
 28369 | Swamp:4  | Noticed an azure jelly
 28375 | Swamp:4  | Killed an azure jelly
 28763 | Swamp:4  | Slain by a six-headed hydra simulacrum

Skill      XL: |  1  2  3  4  5  6  7  8  9 10 11 12 13 14 15 16 |
---------------+-------------------------------------------------+-----
Transmutations | 3 4 5 6 7 9 10 11 12 13 14 | 14.6
Dodging        | 3 4 5 6 7 9 10 11 12 13 14 | 14.5
Polearms       | 1 2 3 4 6 7 9 10 11 12 13 14 15 | 15.4
Fighting       | 2 3 4 5 6 7 8 9 10 11 12 | 12.6
Unarmed Combat | 4 5 6 7 8 9 10 11 12 | 12.8
Spellcasting   | 3 4 5 6 7 8 9 10 | 10.9
Stealth        | 4 6 8 9 10 11 | 11.5
Translocations | 2 3 |  3.9
Short Blades   | 3 |  3.8

Action                   |  1- 3 |  4- 6 |  7- 9 | 10-12 | 13-15 | 16-18 || total
-------------------------+-------+-------+-------+-------+-------+-------++-------
Melee: Unarmed           |    32 |     6 |    51 |   255 |   859 |   288 ||  1491
       Punch             |     2 |     9 |     7 |    18 |    66 |    28 ||   130
       Spear             |   118 |   410 |   490 |   224 |    45 |    29 ||  1316
       Tailslap          |       |       |     1 |       |       |    59 ||    60
       Halberd           |       |       |       |   364 |   362 |   224 ||   950
       Staff             |       |       |       |       |    32 |       ||    32
       Quick blade       |       |       |       |       |       |     7 ||     7
 Cast: Blade Hands       |       |     1 |     7 |    33 |   100 |    34 ||   175
       Sticks to Snakes  |       |       |       |     2 |       |       ||     2
       Blink             |       |       |       |       |       |     4 ||     4
Invok: Sacrifice Essence |       |     1 |       |       |       |       ||     1
       Sacrifice Arcana  |       |       |     1 |       |       |       ||     1
       Sacrifice Artific |       |       |       |     1 |       |       ||     1
       Draw Out Power    |       |       |       |     3 |       |     1 ||     4
       Reject Sacrifices |       |       |       |     1 |     2 |       ||     3
       Power Leap        |       |       |       |       |     5 |     1 ||     6
       Sacrifice Purity  |       |       |       |       |     1 |       ||     1
       Sacrifice Resista |       |       |       |       |       |     1 ||     1
 Abil: End Transformatio |       |       |       |     1 |       |       ||     1
  Use: Scroll            |    10 |     5 |     3 |    10 |    16 |     4 ||    48
       Potion            |       |     3 |     6 |       |     4 |     1 ||    14
 Stab: Sleeping          |     1 |     4 |     1 |     9 |    21 |    10 ||    46
       Distracted        |       |       |       |     4 |    16 |     8 ||    28
       Invisible         |       |       |       |     9 |    10 |     4 ||    23
       Paralysed         |       |       |       |       |       |     4 ||     4
  Eat: Chunk             |     3 |     5 |    12 |    30 |    35 |       ||    85
       Ration            |       |     1 |     2 |       |     3 |     5 ||    11
Armor: Robe              |    34 |    85 |    60 |    39 |       |     2 ||   220
       Skin              |       |     6 |     5 |       |       |       ||    11
       Troll leather arm |       |       |       |    33 |   204 |    53 ||   290
Dodge: Dodged            |    85 |   326 |   313 |   573 |  1140 |   503 ||  2940
       Deflected         |       |       |    17 |     1 |    14 |     1 ||    33
